 Dungeon Crawl Stone Soup version 0.30-a0-122-g2a1322497e (webtiles) character file.

Game seed: 14635844413128847722

168 Dreamer the Sneak (level 5, -2/28 HPs)
             Began as a Vampire Enchanter on Sept 16, 2022.
             Slain by a goblin
             ... wielding a +0 club
             ... led by Robin
              (3 damage)
             ... on level 4 of the Dungeon.
             The game lasted 00:06:00 (2343 turns).

Dreamer the Sneak (Vampire Enchanter)               Turns: 2343, Time: 00:06:00

Health: -2/28      AC:  5    Str:  7    XL:     5   Next: 23%
Magic:  9/10       EV: 13    Int: 17    God:
Gold:   150        SH:  0    Dex: 17    Spells: 2/10 levels left

rFire   . . .      SeeInvis +    a - +1 dagger
rCold   + + .      Faith    .    (no shield)
rNeg    + + +      Spirit   .    b - +0 robe
rPois   ∞          Reflect  .    (no helmet)
rElec   .          Harm     .    (no cloak)
rCorr   .          Rampage  .    s - +0 pair of gloves
Will    .....                    e - +1 pair of boots
Stlth   +++++.....               (no amulet)
HPRegen 0.00/turn                (no ring)
MPRegen 0.12/turn                (no ring)

@: bloodless, inhibited regen
A: bloodless, fangs 3, see invisible, vampiric 2
a: Bat Form, Revivify


You were on level 4 of the Dungeon.
You visited 1 branch of the dungeon, and saw 4 of its levels.

You collected 150 gold pieces.

Inventory:

Hand Weapons
 a - a +1 dagger (weapon)
Armour
 b - a +0 robe (worn)
 e - a +1 pair of boots (worn)
 s - a +0 pair of gloves (worn)
Jewellery
 r - an amulet of guardian spirit
 t - an amulet of the acrobat
Scrolls
 d - a scroll of magic mapping {unknown}
 f - a scroll of brand weapon {unknown}
 h - 4 scrolls of identify {unknown}
 i - 2 scrolls of torment {unknown}
 o - a scroll of poison {unknown}
 u - a scroll of silence {unknown}
 v - 4 scrolls of vulnerability {unknown}
 x - a scroll of immolation {unknown}
Potions
 c - 3 potions of invisibility
 g - a potion of heal wounds {unknown}
 j - a potion of haste {unknown}
 k - a potion of flight {unknown}
 l - 3 potions of magic {unknown}
 m - a potion of lignification {unknown}
 n - 2 potions of attraction {unknown}
 p - a potion of brilliance {unknown}
 q - 4 potions of curing {unknown}
 w - a potion of might


   Skills:
 + Level 2.2 Short Blades
 + Level 3.1 Dodging
 + Level 5.5 Stealth
 * Level 3.4 Spellcasting
 + Level 5.2 Hexes


You had 2 spell levels left.
You knew the following spells:

 Your Spells              Type           Power      Damage    Failure   Level
a - Ensorcelled Hibernat  Hex/Ice        22%        N/A       9%          2
b - Confusing Touch       Hex            20%        N/A       6%          3
c - Tukima's Dance        Hex            20%        N/A       6%          3

Your spell library contained the following spells:

 Spells                   Type           Power      Damage    Failure   Level
 Dazzling Flash           Conj/Hex       22%        N/A       17%         3
 Gell's Gravitas          Tloc           2%         N/A       45%         3
 Teleport Other           Tloc           2%         N/A       45%         3
 Dispersal                Tloc           1%         N/A       100%        6


Dungeon Overview and Level Annotations

Branches:
Dungeon (4/15)
 Temple: D:4-7

Altars:

Shops:
D:2 [

Annotations:
D:4 Robin


Innate Abilities, Weirdness & Mutations

You do not regenerate when monsters are visible.
You are frail without blood (-20% HP).
You can heal yourself when you bite living creatures.
You are immune to poison.
You have razor-sharp teeth.
You have supernaturally acute eyesight. (SInv)
You are afflicted with vampirism and can become a bat while bloodless.


Message History

A goblin comes into view. It is wielding a +0 dagger.
You barely miss Robin. Robin hits you with a +3 club.
A goblin comes into view. It is wielding a +0 dagger.
You closely miss Robin. Robin throws the goblin at you!
The goblin hits you with a +0 club.
The goblin shouts!
You hit Robin but do no damage. Your punch misses Robin.
Robin drinks a potion.
Robin seems to grow stronger.
The goblin hits you but does no damage.
You hit Robin.
Robin is moderately wounded.
You hit Robin but do no damage. You bite Robin.
You draw Robin's blood!
You feel better.
Robin is heavily wounded.
Robin hits you with a +3 club. The goblin closely misses you.
You hit Robin but do no damage.
Robin is heavily wounded.
Robin roars a battlecry!
The goblin goes into a battle-frenzy!
The goblin hits you but does no damage.
You hit Robin.
Robin is heavily wounded.
Robin misses you. The goblin barely misses you.
You hit Robin but do no damage. You bite Robin, but do no damage.
Robin is heavily wounded.
Robin hits you with a +3 club. The goblin barely misses you.
You hit Robin. Your punch misses Robin. You bite Robin.
You draw Robin's blood!
You feel better.
Robin is almost dead.
Robin barely misses you. The goblin barely misses you.
You barely miss Robin.
Robin is almost dead.
Robin hits you with a +3 club!
* * * LOW HITPOINT WARNING * * *
The goblin barely misses you. Robin attacks as you move away!
Robin hits you but does no damage. Robin throws the goblin at you!
The goblin misses you.
The hobgoblin no longer looks unusually strong.
Robin throws the goblin at you! The goblin closely misses you.
The goblin barely misses you. The goblin hits you with a +0 club.
You die...

..[.......... ##
................ #.#
.......###......##..###
...##...# ...##......#.
....#...# ............(.
....##.## ##...........<.
........###..##.........
.#.....#.##gg##.g.......
†###........gg.g@g...###
.# ##........##.#......#.
...##.......###.#........
....#........##..<.......
.........>..####.......##
....##......# #.........
.....#........ ..........
.........<.....##........
............... ..##....#


You could see Robin (strong), a hobgoblin and 5 goblins.

Vanquished Creatures
  Terence (D:3)
  2 iguanas (D:4)
  A gnoll (D:2)
  3 adders (D:3)
  2 dart slugs (D:1)
  3 bats
  5 endoplasms
  4 giant cockroaches
  7 hobgoblins
  2 jackals (D:2)
  2 quokkas
  3 ball pythons
  2 frilled lizards (D:2)
  9 goblins
  3 kobolds
  2 rats (D:2)
51 creatures vanquished.

Notes
Turn   | Place    | Note
-------+----------+-------------------------------------------
     0 | D:1      | Dreamer the Vampire Enchanter began the quest for the Orb.
     0 | D:1      | Reached XP level 1. HP: 13/13 MP: 3/3
   202 | D:1      | Reached XP level 2. HP: 15/15 MP: 5/5
   207 | D:1      | Learned a level 2 spell: Ensorcelled Hibernation
   642 | D:1      | Found a faded altar of an unknown god.
   939 | D:2      | Found Plog's Antique Armour Shop.
  1136 | D:2      | Gained mutation: You are afflicted with vampirism and can
                  | become a bat while bloodless. [Vampire growth]
  1136 | D:2      | Reached XP level 3. HP: 19/19 MP: 6/6
  1564 | D:2      | Reached skill level 5 in Stealth
  1625 | D:3      | Noticed Terence
  1631 | D:3      | Killed Terence
  1632 | D:3      | Reached skill level 5 in Hexes
  1632 | D:3      | Reached XP level 4. HP: 24/24 MP: 8/8
  1944 | D:3      | Learned a level 3 spell: Confusing Touch
  1948 | D:3      | Learned a level 3 spell: Tukima's Dance
  2251 | D:4      | Reached XP level 5. HP: 27/28 MP: 9/9
  2311 | D:4      | Noticed Robin
  2341 | D:4      | HP: 1/28 [Robin/+3 club (12)]
  2343 | D:4      | Slain by a goblin

Illustrated notes

Levels and vault maps discovered:
D:1:      elethiomel_arrival_infinity_welcomes_careful_drivers, layout_rooms,
          basic_ecumenical_altar
D:2:      layout_basic, serial_shops, nicolae_square_shop,
          chequers_serial_rivers_micro_e, minmay_misc_feat_iff,
          cheibrodos_gnoll_hut
D:3:      layout_rooms, nicolae_concentric_dashed_squares_mild, uniq_terence
D:4:      layout_cave_pools, uniq_robin

Skill      XL: |  1  2  3  4  5 |
---------------+----------------+-----
Stealth        | 5 |  5.5
Hexes          | 5 |  5.2
Spellcasting   | 3 |  3.4
Short Blades   | 2 |  2.2
Dodging        | 3 |  3.1

Action                   |  1- 3 |  4- 6 || total
-------------------------+-------+-------++-------
Melee: Dagger            |    68 |    74 ||   142
       Bite              |     3 |    10 ||    13
       Punch             |       |     2 ||     2
 Cast: Ensorcelled Hiber |     3 |     5 ||     8
       Confusing Touch   |       |     1 ||     1
 Abil: Exsanguinate      |     1 |       ||     1
 Stab: Sleeping          |    22 |     7 ||    29
Armor: Robe              |    15 |    30 ||    45
Dodge: Dodged            |    20 |    43 ||    63

Table legend: (Time is in decaauts)
 A = Elapsed time spent in this place.
 B = Non-inter-level travel time spent in this place.
 C = Inter-level travel time spent in this place.
 D = Time resting spent in this place.
 E = Time spent auto-exploring this place.
 F = Levels seen in this place.
 G = Mean time per level.
                   A        B        C        D        E       F      G
               +--------+--------+--------+--------+--------+-----+--------+
         Total |   2329 |   2275 |     54 |    179 |   1576 |   4 |  582.2 |
       Dungeon |   2329 |   2275 |     54 |    179 |   1576 |   4 |  582.2 |
               +--------+--------+--------+--------+--------+-----+--------+

Top non-repeatable levels by time:
     D:2: 872 daAuts
     D:1: 747 daAuts
     D:3: 574 daAuts
     D:4: 135 daAuts
